Map: Blackpink LE

Players

Jaylow - Winner!

  • Race: Zerg Zerg
  • League: Silver
  • Spawn Location: 1:00

fruitcake

  • Race: Terran Terran
  • Spawn Location: 7:00

VOD

Have the link to the VOD?

Description

Time

  • Played on: May 9, 2018, 5:53 p.m.
  • Length: 9:33
Show
View Real Time Build Order
Export as new Build Order

Jaylow Zerg - Winner!

Build Orders: Pool First 

Get SALT Encoding   

  12  0:19  Spawning Pool  
  11  0:28  Drone  
  11  0:29  Drone  
  11  0:33  Drone  
  14  0:41  Overlord  
  14  1:05  Queen  
  16  1:12  Zergling x6  
  19  1:24  Extractor  
  18  1:40  Hatchery  
  17  1:48  Drone x2  
  17  1:49  Drone  
  20  2:00  Drone  
  20  2:29  Drone  
  19  2:30  Drone x3  
  22  2:39  Spine Crawler  
  22  2:43  Drone  
  22  2:44  Spine Crawler x2  
  20  3:00  Lair  
  20  3:01  Drone x2  
  20  3:02  Drone  
  23  3:19  Spine Crawler x2  
  21  3:29  Spine Crawler  
  20  3:42  Drone  
  20  3:43  Drone x4  
  25  3:51  Queen  
  27  4:02  Extractor  
  26  4:22  Zergling x4  
  28  4:24  Overlord x3  
  28  4:30  Extractor  
  27  4:32  Zergling x2  
  28  4:49  Spire  
  28  4:52  Drone x4  
  31  4:53  Drone x2  
  33  5:20  Drone  
  33  5:21  Drone x6  
  40  5:24  Queen  
  42  5:32  Overseer  
  42  5:42  Extractor  
  41  6:13  Zergling x6  
  41  6:14  Zergling x16  
  52  6:18  Baneling Nest  
  51  6:39  Overlord x3  
  51  7:03  Baneling x12  
  51  7:04  Baneling x16  
  51  7:20  Zergling x16  
  51  7:59  Mutalisk x3  
  51  8:01  Spine Crawler  
  56  8:06  Drone  
  56  8:07  Drone x4  
  61  8:42  Zergling x12  
  61  8:46  Overlord  
  61  8:47  Overlord x3  
  67  8:58  Spine Crawler  
Show
View Real Time Build Order
Export as new Build Order

fruitcake Terran 

Build Orders:  

Get SALT Encoding   

  12  0:00  SCV  
  13  0:14  Supply Depot  
  13  0:17  SCV  
  14  0:29  SCV, Refinery  
  15  0:41  SCV  
  16  0:47  Barracks  
  16  0:53  SCV  
  17  1:05  SCV  
  18  1:15  Barracks  
  18  1:18  SCV  
  19  1:26  Refinery  
  19  1:30  SCV  
  20  1:35  Reaper, Supply Depot  
  21  1:42  SCV  
  22  1:55  SCV  
  23  2:04  Barracks, Barracks Reactor  
  23  2:09  Reaper  
  21  2:31  SCV  
  22  2:41  Reaper  
  22  2:43  SCV  
  24  2:45  Reaper x2  
  26  2:54  Barracks Reactor  
  26  3:13  Reaper  
  26  3:17  Marine x2  
  29  3:35  Marine, Reaper  
  31  3:52  Supply Depot x2  
  31  3:53  Bunker  
  31  4:05  Reaper  
  31  4:13  Reaper x2  
  31  4:15  Supply Depot  
  33  4:18  Supply Depot  
  33  4:28  Marine x2  
  35  4:37  Marine  
  36  4:45  Marine  
  38  4:46  Marine x2  
  38  4:48  SCV  
  38  4:52  Barracks Tech Lab  
  40  4:55  Marine  
  41  5:00  Factory  
  41  5:03  Marine  
  41  5:04  Marine x2  
  44  5:10  SCV  
  44  5:12  Marine  
  46  5:16  Stimpack  
  46  5:21  Marine  
  47  5:22  Marine x3, SCV  
  51  5:30  Marine  
  52  5:38  Marine  
  52  5:39  Marine  
  52  5:40  Marine  
  55  5:43  Marine  
  55  5:48  Marine  
  57  5:56  Marine  
  58  5:57  Marine x2  
  58  6:01  Marine  
  61  6:08  Marine  
  62  6:14  Marine  
  63  6:21  Engineering Bay  
  63  6:29  Supply Depot  
  63  6:30  Factory Tech Lab  
  63  6:50  Marine x4  
  63  6:51  Marauder  
  68  7:14  Marine, Marauder  
  71  7:20  Terran Infantry Weapons Level 1  
  71  7:29  Marine x3  
  45  7:36  Marauder  
  40  7:48  Marine x2  
  39  7:54  Marine x2  
  39  7:57  Marauder  
  41  8:06  Marine x2  
  41  8:12  Marine x2  
  45  8:14  Concussive Shells  
  45  8:19  Marauder  
  47  8:23  Marine  
  47  8:24  Marine  
  49  8:37  Marine x2  
  49  8:40  Marauder  
  52  8:41  Marine  
  52  8:44  Marine  
  54  8:55  Marine x2  
  56  8:59  Marine  
  56  9:01  Marauder  
  56  9:02  Marine  
  60  9:13  Marine  
Tags
 
Add a new tag
Caveats
  • Supply blocks, unpowered buildings, or Contaminate may cause inaccurate times.
  • Supply counts are checked every 10 seconds.